 Dungeon Crawl Stone Soup version 0.21.0-3-g78d12a8 (webtiles) character file.

1005 MTVSty1e the Cleaver (level 8, -8/44 HPs)
             Began as a Gargoyle Gladiator on Jan 15, 2018.
             Blown up by Ijyb (21 damage)
             ... with a wand of disintegration (3)
             ... on level 4 of the Dungeon.
             The game lasted 00:08:04 (5203 turns).

MTVSty1e the Cleaver (Gargoyle Gladiator)           Turns: 5203, Time: 00:08:05

Health: -8/44      AC: 11    Str: 18 (21) XL:     8   Next: 20%
Magic:  8/8        EV: 11    Int:  6 (8)  God:
Gold:   148        SH:  0    Dex: 11      Spells: 7/7 levels left

rFire    . . .     SeeInvis .   a - +1 war axe
rCold    . . .     Gourm    .   (no shield)
rNeg     + + .     Faith    .   q - +0 ring mail
rPois    ∞         Spirit   .   c - +0 helmet
rElec    +         Reflect  .   (no cloak)
rCorr    .         Harm     .   (no gloves)
MR       .....                  (no boots)
Stlth    +.........             (no amulet)
HPRegen  0.14/turn              n - ring of flight
MPRegen  0.11/turn              o - ring of positive energy

@: slowed, very slow
A: negative energy resistance 1, electricity resistance, unbreathing,
petrification resistance, rot immunity, AC +5
a: Evoke Flight


You were on level 4 of the Dungeon.
You were not hungry.

You visited 1 branch of the dungeon, and saw 4 of its levels.
You also visited: Ossuary.

You collected 148 gold pieces.

Inventory:

Hand Weapons
 a - a +1 war axe (weapon)
Missiles
 d - 3 throwing nets (quivered)
Armour
 b - a +0 leather armour
 c - a +0 helmet (worn)
 q - a +0 ring mail (worn)
Jewellery
 n - a ring of flight (left hand)
 o - a ring of positive energy (right hand)
Scrolls
 g - a scroll of identify
 h - 2 scrolls of amnesia
 i - 2 scrolls of remove curse
Potions
 e - 2 potions of resistance
 j - 4 potions of curing
 k - a potion of haste
 l - a potion of cancellation
 p - a potion of degeneration
Comestibles
 f - 2 rations


   Skills:
 - Level 2.1 Fighting
 + Level 9.0 Axes
 - Level 1.7 Throwing
 - Level 2.4 Dodging


You had 7 spell levels left.
You didn't know any spells.

Dungeon Overview and Level Annotations

Branches:
Dungeon (4/15)
 Temple: D:4-7

Altars:
Ashenzari

Annotations:
D:4 Ijyb; ThereIsNoGod's ghost, amateur DrTm


Innate Abilities, Weirdness & Mutations

You are resistant to torment.
Your stone body is resilient. (AC +5)
You are immune to poison.
You resist negative energy. (rN+)
You are resistant to electric shocks. (rElec)
You can survive without breathing.
You are immune to petrification.
You are immune to rotting.


Message History

The orc barely misses you.
The orc priest hits you but does no damage.
You are too injured to fight recklessly!
You are too injured to fight recklessly!
Unknown command.
The orc wizard casts a spell.
The orc wizard seems to speed up.
The orc priest looks encouraged for a moment.
An adder comes into view.
The orc priest looks satisfied for a moment.
The orc wizard gestures at you while chanting.
You feel yourself slow down.
Ijyb zaps a wand.
You struggle to resist.
Ijyb zaps a wand.
You struggle to resist.
The orc wizard gestures wildly while chanting.
The orc wizard blinks!
There is a stone staircase leading up here.
The orc priest calls upon Beogh to heal the orc wizard.
The orc wizard is healed somewhat.
Ijyb zaps a wand.
You are blasted!
You die...

#...........
#..)#####'###
#...##..†(.c####
#..(+....)......
#..†#...........
#...#...........
#...#######+##..
#...##......# . ####+
#...+..@....# #....
#...#...o...########....
#...#....§...#....'..<..
#...##...†..##....##....
#...##.....o##....##....
#...#....go.......#.....
#...#.............#.....
#...'.............#.....
..#.............'.....


You could see Ijyb, an orc priest, an orc wizard and an orc.

Vanquished Creatures
  Sigmund (D:4)
  A centaur (D:4)
  2 water moccasin zombies (Ossuary)
  A howler monkey (D:4)
  A crimson imp (D:3)
  A centaur skeleton (D:4)
  3 orc priests
  A hound (D:4)
  2 orc wizards (D:3)
  Jessica (D:2)
  A worker ant (D:4)
  6 big kobold zombies (Ossuary)
  A hound skeleton (D:4)
  2 mummies (Ossuary)
  5 gnolls
  3 adders
  9 adder zombies (Ossuary)
  An adder skeleton (D:4)
  A worm (D:2)
  3 dart slugs
  6 orcs
  A ball python (D:2)
  6 giant cockroaches
  2 gnoll zombies (Ossuary)
  6 goblins
  3 hobgoblins
  2 jackals (D:2)
  10 kobolds
  A quokka (D:4)
  11 bats
  4 frilled lizards
  3 hobgoblin zombies (Ossuary)
  4 kobold zombies (Ossuary)
  3 orc zombies (Ossuary)
  5 rats
113 creatures vanquished.

Notes
Turn   | Place    | Note
-------+----------+-------------------------------------------
     0 | D:1      | MTVSty1e the Gargoyle Gladiator began the quest for the Orb.
     0 | D:1      | Reached XP level 1. HP: 12/12 MP: 1/1
    49 | D:1      | Reached skill level 3 in Axes
    63 | D:1      | Reached XP level 2. HP: 13/17 MP: 2/2
   345 | D:1      | Reached XP level 3. HP: 17/21 MP: 3/3
   906 | D:2      | Reached skill level 4 in Axes
  1031 | D:2      | Reached XP level 4. HP: 18/26 MP: 4/4
  1078 | D:2      | Noticed Jessica
  1091 | D:2      | Killed Jessica
  1918 | D:3      | Reached skill level 5 in Axes
  1918 | D:3      | Reached XP level 5. HP: 19/30 MP: 5/5
  2130 | D:4      | Found a sand-covered staircase.
  2130 | D:4      | Noticed ThereIsNoGod's ghost (amateur DrTm)
  2139 | Ossuary  | Entered an ossuary
  2401 | Ossuary  | Reached XP level 6. HP: 22/35 MP: 6/6
  2405 | Ossuary  | Reached skill level 6 in Axes
  3166 | Ossuary  | Reached skill level 7 in Axes
  3168 | Ossuary  | Reached XP level 7. HP: 29/40 MP: 7/7
  3641 | D:3      | Found a shattered altar of Ashenzari.
  4847 | D:4      | Reached skill level 8 in Axes
  4853 | D:4      | Noticed Sigmund
  4878 | D:4      | Killed Sigmund
  4878 | D:4      | Reached XP level 8. HP: 5/44 MP: 8/8
  5052 | D:4      | Reached skill level 9 in Axes
  5193 | D:4      | Noticed Ijyb
  5203 | D:4      | Blown up by Ijyb

Skill      XL: |  1  2  3  4  5  6  7  8 |
---------------+-------------------------+-----
Axes           | 3 4 5 7 8 9 |  9.0
Fighting       | |  2.1
Throwing       | |  1.7
Dodging        | |  2.4

Action                   |  1- 3 |  4- 6 |  7- 9 || total
-------------------------+-------+-------+-------++-------
Melee: War axe           |    92 |   207 |    98 ||   397
 Abil: Evoke Flight      |       |     1 |       ||     1
  Use: Scroll            |       |     5 |     7 ||    12
       Potion            |       |       |     4 ||     4
  Eat: Chunk             |       |     3 |     2 ||     5
       Ration            |       |     2 |     1 ||     3
Armor: Leather armour    |    47 |    96 |    42 ||   185
       Ring mail         |       |       |    28 ||    28
Dodge: Dodged            |   107 |   143 |    76 ||   326
